 Dungeon Sprint DCSS version 0.29-a0-1006-g0dd7720b37 (webtiles) character file.

Game seed: 5961688487524439414

288959 mhtbhm the Gargoyle Barricade (level 19, 0/151 HPs)
             Began as a Gargoyle Fighter on Aug 6, 2022.
             Was an Initiate of Gozag.
             Killed from afar by an orb of fire (19 damage)
             ... with a bolt of fire
             ... in the Dungeon (Sprint IX: "|||||||||||||||||||||||||||||").
             The game lasted 00:27:27 (15306 turns).

mhtbhm the Gargoyle Barricade (Gargoyle Fighter)   Turns: 15306, Time: 00:27:29

Health: 0/151      AC: 51    Str: 35    XL:     19   Next: 7%
Magic:  19/19      EV: 17    Int: 10    God:    Gozag
Gold:   16759      SH: 29    Dex:  9    Spells: 18/18 levels left

rFire   + . .      SeeInvis +   m - +8 morningstar "Geosefih" {vorpal, Str+5 Int-3}
rCold   + . .      Faith    .   c - +1 tower shield
rNeg    + . .      Spirit   .   b - +2 plate armour of Tichaufa {Fly rC+ Int+3}
rPois   ∞          Reflect  +   i - +0 hat "Yzimpul" {Regen+}
rElec   +          Harm     .   E - +2 cloak of the Thief {*Fog Slay-2 SInv Stlth+}
rCorr   .          Rampage  +   v - +0 pair of gloves
Will    ++...      Clarity  +   K - +0 pair of boots {rampage}
Stlth   ++++++.... NoTele   +   z - amulet "Wivutal" {Reflect -Cast rElec Will+ Str+3 SH+5}
HPRegen 1.15/turn  NoCast   +   y - +4 ring of protection
MPRegen 0.16/turn               f - ring of protection from fire

@: gold aura, flying
A: sickness immunity, AC +14, big wings, negative energy resistance 1,
electricity resistance, torment resistance 1, petrification resistance, clarity,
subdued magic 1
}: 5/17 runes: decaying, serpentine, barnacled, silver, gossamer
a: Renounce Religion, Potion Petition, Call Merchant, Bribe Branch


You were in the Dungeon.
You worshipped Gozag.
Gozag was extremely pleased with you.
You visited 1 branch You collected 40782 gold pieces.
You spent 8433 gold pieces at shops.
You paid 15590 gold pieces to Gozag.

Inventory:

Hand Weapons
 a - the +10 morningstar "Eos" {elec, Halo rElec}
   (You bought it in a shop in the Dungeon)

   It occasionally discharges a powerful burst of electricity upon striking a
   foe.
   It grants its wielder a halo, revealing invisible creatures and increasing
   accuracy against all within it other than the wielder.
   rElec:     It insulates you from electricity.
 m - the +8 morningstar "Geosefih" (weapon) {vorpal, Str+5 Int-3}
   (You took it off a frost giant in the Dungeon)

   It inflicts extra damage upon your enemies.
   Str:       It affects your strength (+5).
   Int:       It affects your intelligence (-3).
 n - a +9 sacred scourge of holy wrath
 C - a +6 vampiric demon trident
Missiles
 p - a throwing net
 x - 15 silver javelins (quivered)
 B - 5 curare-tipped darts
Armour
 b - the +2 plate armour of Tichaufa (worn) {Fly rC+ Int+3}
   (You bought it in a shop in the Dungeon)

   Int:       It affects your intelligence (+3).
   rC:        It protects you from cold.
   Fly:       It grants you flight.
 c - a +1 tower shield (worn)
 i - the +0 hat "Yzimpul" (worn) {Regen+}
   (You found it in the Dungeon)

   Regen:     It increases your rate of health regeneration.
 v - a +0 pair of gloves (worn)
 A - a +2 crystal plate armour
 E - the +2 cloak of the Thief (worn) {*Fog Slay-2 SInv Stlth+}
   (You bought it in a shop in the Dungeon)

   It may release a thick cloud of smoke when the wearer is hurt.
   Slay:      It affects your accuracy & damage with ranged weapons and melee
   (-2).
   SInv:      It lets you see invisible.
   Stlth:     It makes you more stealthy.
 F - a scarf of repulsion
 K - a +0 pair of boots of rampaging (worn)
Jewellery
 f - a ring of protection from fire (right hand)
 y - a +4 ring of protection (left hand)
 z - the amulet "Wivutal" (around neck) {Reflect -Cast rElec Will+ Str+3 SH+5}
   (You bought it in a shop in the Dungeon)

   [amulet of reflection]

   It reflects blocked missile attacks.
   Str:       It affects your strength (+3).
   rElec:     It insulates you from electricity.
   -Cast:     It prevents spellcasting.
   SH:        It affects your SH (+5).
   Will:      It increases your willpower.
 D - a ring of resist corrosion
 G - the ring "Hegafin" {Str+3 Int-2 Dex+6}
   (You found it in the Dungeon)

   [ring of strength]

   Str:       It affects your strength (+3).
   Int:       It affects your intelligence (-2).
   Dex:       It affects your dexterity (+6).
 M - the amulet of Uskayaw's Anger {rN+ Regen+}
   (You found it in the Dungeon)

   [amulet of regeneration]

   rN:        It protects you from negative energy.
   Regen:     It increases your rate of health regeneration.
Wands
 I - a wand of charming (8)
Scrolls
 d - 3 scrolls of brand weapon
 j - 4 scrolls of blinking
 k - 3 scrolls of amnesia
 q - 12 scrolls of enchant armour
 s - 4 scrolls of enchant weapon
 u - 4 scrolls of identify
 w - 5 scrolls of fear
Potions
 e - 4 potions of curing
 g - 9 potions of heal wounds
 h - 9 potions of magic
 l - 3 potions of berserk rage
 o - 3 potions of mutation
 r - a potion of brilliance
 t - 2 potions of attraction
 H - a potion of flight
 J - 2 potions of degeneration
 L - 5 potions of haste


   Skills:
 O Level 27 Fighting
 O Level 27 Maces & Flails
 * Level 9.5 Throwing
 O Level 27 Armour
 + Level 25.2 Dodging
 O Level 27 Stealth
 O Level 27 Shields
 - Level 1.3 Unarmed Combat
 + Level 4.7 Evocations


You had 18 spell levels left.
You didn't know any spells.
Your spell library contained the following spells:

 Spells                   Type           Power      Damage    Failure   Level
 Ozocubu's Armour         Ice            0%         N/A       94%         3
 Hailstorm                Conj/Ice       0%         3d3       100%        4
 Death Channel            Necr           0%         N/A       100%        6
 Ozocubu's Refrigeration  Ice            0%         4d7       100%        7


Dungeon Overview and Level Annotations

Branches:
Dungeon (1/1)

Altars:
Cheibriados
Dithmenos
Elyvilon
Fedhas
Gozag
Hepliaklqana
Kikubaaqudgha
Makhleb
Nemelex Xobeh
Okawaru
Qazlal
Ru
Sif Muna
Trog
Uskayaw
Vehumet
Wu Jian
Xom
Yredelemnul
Zin
The Shining One
Jiyva
Lugonu

Shops:
D =([??*([(?=*([[


Innate Abilities, Weirdness & Mutations

You are immune to sickness and miasma.
Your stone body is resilient. (AC +14)
You are immune to poison.
Your large and strong wings let you fly.
You resist negative energy. (rN+)
You are resistant to electric shocks. (rElec)
You are resistant to unholy torment.
You are immune to petrification.
You possess an exceptional clarity of mind.
Your spells are a little easier to cast, but a little less powerful.


Message History

The orb of fire glows bright magenta.
The bolt of fire hits you!!! You resist.
With a swish of your cloak, you release a cloud of fog.
Unknown command.
You miss the orb of fire.
The orb of fire is almost destroyed.
Unknown command.
You hit the orb of fire but do no damage.
The orb of fire is almost destroyed.
The orb of fire glows red.
The bolt of fire hits you!! You resist.
Unknown command.
You barely miss the orb of fire.
The orb of fire is almost destroyed.
The orb of fire is distracted by your dazzling golden aura.
Unknown command.
You hit the orb of fire but do no damage.
The orb of fire is no longer distracted by gold.
The orb of fire is almost destroyed.
The orb of fire glows deep purple.
The fireball explodes!
The fireball engulfs you!!! You resist.
* * * LOW HITPOINT WARNING * * *
With a swish of your cloak, you release a cloud of fog.
The fireball engulfs the orb of fire.
The orb of fire completely resists.
Unknown command.
Unknown command.
Okay, then.
You feel much better.
The orb of fire glows bright magenta.
The bolt of fire hits you! You resist.
* * * LOW HITPOINT WARNING * * *
The orb of fire glows yellow.
The fireball explodes!
The fireball engulfs the orb of fire.
The orb of fire completely resists.
The fireball engulfs you!! You resist.
* * * LOW HITPOINT WARNING * * *
The fireball engulfs the orb of fire.
The orb of fire completely resists.
The orb of fire glows red.
The bolt of fire hits you!! You resist.
You die...
Your body crumbles into a pile of gold.

▓.▓.▓[▓.▓.▓.▓∩▓.▓.
▓'▓.▓)▓.▓.▓.▓∩▓)▓.
▓.▓.▓)▓.▓[▓.▓[▓.▓.
▓'▓.▓.▓.▓[▓.▓.▓.▓.
▓.▓.▓.▓.▓[▓.▓∩▓.▓)
▓'▓.▓§▓.▓[▓.▓∩▓.▓.
▓§▓.▓'▓.▓[▓.▓∩▓.▓.
▓§▓.▓.▓.▓[▓.▓.▓.♣'
▓@▓.▓)▓.▓[▓.▓'▓.♣.
▓*▓.▓)▓.▓.▓)▓)▓.♣.
▓*▓.▓)▓.▓.▓.▓(▓.♣.
▓X▓.▓)▓.▓.▓.▓)▓.♣.
▓X▓.▓.▓.▓.▓.▓)▓.♣.
▓d▓.▓.▓.▓.▓.▓)▓.♣.
▓D▓.▓.▓.▓.▓.▓[▓.♣.
▓*▓.▓'▓.▓.▓.▓)▓.♣.
▓.▓)▓.▓.▓.▓[▓.♣.


You could see 2 orbs of fire.

Vanquished Creatures
  An ancient lich (D)
  An orb of fire (D)
  Mara (D)
  Mennas (D)
  Boris (D)
  Frederick (D)
  Xtahua (D)
  Saint Roka (D)
  A caustic shrike (D)
  4 golden dragons (D)
  Nikola (D)
  Jory (D)
  2 electric golems (D)
  3 tentacled monstrosities (D)
  Rupert (D)
  2 liches (D)
  14 Orb Guardians (D)
  A sphinx (D)
  2 death cobs (D)
  Kirke (D)
  7 shadow dragons (D)
  2 draconian monks (D)
  4 storm dragons (D)
  Ilsuiw (D)
  2 fire giants (D)
  4 nagarajas (D)
  3 draconian knights (D)
  2 frost giants (D)
  7 vault wardens (D)
  2 draconian scorchers (D)
  An orc warlord (D)
  4 ghost moths (D)
  5 emperor scorpions (D)
  A draconian annihilator (D)
  Aizul (D)
  2 draconian stormcallers (D)
  2 ironbound thunderhulks (D)
  5 very ugly things (D)
  3 ironbound preservers (D)
  6 stone giants (D)
  A vampire knight (D)
  Nessos (D)
  4 black draconians (D)
  6 yellow draconians (D)
  A green draconian (D)
  A red draconian (D)
  A purple draconian (D)
  4 white draconians (D)
  3 bunyips (D)
  6 fire dragons (D)
  A deep elf death mage (D)
  4 ettins (D)
  5 merfolk impalers (D)
  5 merfolk javelineers (D)
  2 great orbs of eyes (D)
  2 yaktaur captains (D)
  A spriggan air mage (D)
  3 ice dragons (D)
  25 vault guards (D)
  A peacekeeper (D)
  A rakshasa (D)
  An ogre mage (D)
  3 centaur warriors (D)
  A two-headed ogre (D)
  7 hydras (D)
  An ironbound frostheart (D)
  3 alligators (D)
  A merfolk aquamancer (D)
  A naga warrior (D)
  2 alligator snapping turtles (D)
  3 deep troll shamans (D)
  An orc high priest (D)
  2 tengu warriors (D)
  Urug (D)
  A deep troll earth mage (D)
  4 shock serpents (D)
  Sonja (D)
  A hell knight (D)
  A shadow wraith (D)
  A spriggan druid (D)
  A sun moth (D)
  3 sea snakes (D)
  A steelbarb worm (D)
  8 swamp dragons (D)
  A deep troll (shapeshifter) (D)
  2 glowing orange brains (D)
  2 wizards (D)
  8 orc knights (D)
  2 ironbound convokers (D)
  2 deep elf pyromancers (D)
  5 wolf spiders (D)
  A manticore (D)
  An ugly thing (D)
  5 moths of wrath (D)
  A cyclops (D)
  8 elephants (D)
  2 naga magi (D)
  4 black mambas (D)
  Joseph (D)
  4 vault sentinels (D)
  4 guardian serpents (D)
  5 cane toads (D)
  A komodo dragon (D)
  A freezing wraith (D)
  3 tengu conjurers (D)
  A merfolk (D)
  A meliai (D)
  A wind drake (D)
  2 blink frogs (D)
  A snapping turtle (D)
  A slime creature (D)
  A dream sheep (shapeshifter) (D)
  A jumping spider (D)
  3 hogs (D)
  A wyvern (D)
  A yak (D)
  A basilisk (D)
  3 redbacks (D)
  A warg (D)
  3 nagas (D)
  2 acid dragons (D)
  5 water moccasins (D)
  A black bear (D)
  17 orc warriors (D)
  A swamp drake (D)
  An ogre (D)
  A kobold brigand (D)
  A wight (D)
  A jelly (D)
  7 orc priests (D)
  5 orc wizards (D)
  A gnoll (D)
  An adder (D)
  A worm (D)
  A dart slug (D)
  7 orcs (D)
  A ball python (D)
  A quokka (D)
  A frilled lizard (D)
  A kobold (D)
374 creatures vanquished.

Vanquished Creatures (others)
  2 merfolk aquamancers (D)
  A human (D)
  A naga (D)
4 creatures vanquished.

Grand Total: 378 creatures vanquished

Notes
Turn   | Place    | Note
-------+----------+-------------------------------------------
     0 | D        | mhtbhm the Gargoyle Fighter began the quest for the Orb.
     0 | D        | Reached XP level 1. HP: 14/14 MP: 1/1
    20 | D        | Reached XP level 2. HP: 13/20 MP: 2/2
   144 | D        | Noticed a black bear
   161 | D        | Reached XP level 3. HP: 21/24 MP: 3/3
   163 | D        | Reached skill level 5 in Fighting
   163 | D        | Reached skill level 5 in Armour
   163 | D        | Reached skill level 5 in Shields
   163 | D        | Reached XP level 4. HP: 25/31 MP: 4/4
   169 | D        | Killed a black bear
   170 | D        | Reached skill level 1 in Dodging
   170 | D        | Reached XP level 5. HP: 18/37 MP: 5/5
   176 | D        | Found a snail-covered altar of Cheibriados.
   176 | D        | Found a shadowy altar of Dithmenos.
   176 | D        | Found a white marble altar of Elyvilon.
   176 | D        | Found a blossoming altar of Fedhas.
   176 | D        | Found an opulent altar of Gozag.
   177 | D        | Found a hazy altar of Hepliaklqana.
   178 | D        | Found a viscous altar of Jiyva.
   179 | D        | Found an ancient bone altar of Kikubaaqudgha.
   180 | D        | Found a corrupted altar of Lugonu.
   181 | D        | Found a burning altar of Makhleb.
   182 | D        | Found a sparkling altar of Nemelex Xobeh.
   183 | D        | Found an iron altar of Okawaru.
   184 | D        | Found a stormy altar of Qazlal.
   186 | D        | Became a worshipper of Gozag Ym Sagoz the Greedy
   188 | D        | Found a sacrificial altar of Ru.
   189 | D        | Found a shimmering blue altar of Sif Muna.
   190 | D        | Found a bloodstained altar of Trog.
   191 | D        | Found a hide-covered altar of Uskayaw.
   192 | D        | Found a radiant altar of Vehumet.
   193 | D        | Found an ornate altar of the Wu Jian Council.
   194 | D        | Found a shimmering altar of Xom.
   195 | D        | Found a basalt altar of Yredelemnul.
   196 | D        | Found a glowing silver altar of Zin.
   197 | D        | Found a glowing golden altar of the Shining One.
   328 | D        | Noticed an acid dragon
   328 | D        | Noticed a wyvern
   328 | D        | Noticed a kobold brigand
   339 | D        | Killed an acid dragon
   340 | D        | Reached skill level 5 in Maces & Flails
   340 | D        | Reached XP level 6. HP: 14/44 MP: 6/6
   352 | D        | Killed a wyvern
   357 | D        | Reached XP level 7. HP: 19/49 MP: 7/7
   678 | D        | Noticed a deep elf pyromancer
   678 | D        | Noticed a tengu warrior
   678 | D        | Noticed a four-headed hydra
   678 | D        | Noticed a cyclops
   678 | D        | Noticed a two-headed ogre
   678 | D        | Noticed a tengu conjurer
   687 | D        | Noticed a fire elemental
   687 | D        | Noticed a fire elemental
   697 | D        | Killed a deep elf pyromancer
   698 | D        | Reached skill level 10 in Armour
   698 | D        | Reached skill level 1 in Evocations
   698 | D        | Reached XP level 8. HP: 13/56 MP: 8/8
   700 | D        | Killed a tengu warrior
   701 | D        | Reached skill level 10 in Maces & Flails
   707 | D        | Killed a cyclops
   708 | D        | Reached XP level 9. HP: 47/62 MP: 9/9
   710 | D        | Killed a four-headed hydra
   711 | D        | Reached skill level 10 in Fighting
   716 | D        | Killed a tengu conjurer
   717 | D        | Reached skill level 1 in Stealth
   717 | D        | Reached skill level 10 in Shields
   886 | D        | Killed a two-headed ogre
   887 | D        | Reached XP level 10. HP: 68/68 MP: 10/10
  1091 | D        | Got the ring of Dypuor {Ice SInv}
  1114 | D        | Noticed a cane toad
  1114 | D        | Noticed a black mamba
  1124 | D        | Noticed a cane toad
  1128 | D        | Noticed a cane toad
  1132 | D        | Killed a cane toad
  1138 | D        | Killed a black mamba
  1153 | D        | Reached skill level 5 in Dodging
  1159 | D        | Killed a cane toad
  1165 | D        | Killed a cane toad
  1369 | D        | Noticed a cane toad
  1369 | D        | Noticed a black mamba
  1376 | D        | Noticed a cane toad
  1379 | D        | Noticed a seven-headed hydra
  1395 | D        | Killed a cane toad
  1407 | D        | Killed a seven-headed hydra
  1408 | D        | Reached skill level 15 in Maces & Flails
  1408 | D        | Reached XP level 11. HP: 42/76 MP: 11/11
  1666 | D        | Reached skill level 15 in Armour
  1836 | D        | Noticed Urug
  1845 | D        | Killed Urug
  1989 | D        | Noticed an orc high priest
  2025 | D        | Killed an orc high priest
  2890 | D        | Found Dimiqil's General Store.
  2890 | D        | Noticed an orc knight
  2890 | D        | Noticed an orc knight
  2890 | D        | Noticed an orc knight
  2890 | D        | Noticed an orc knight
  2891 | D        | Noticed an orc knight
  2897 | D        | Noticed an orc knight
  2906 | D        | Killed an orc knight
  2909 | D        | Killed an orc knight
  2910 | D        | Reached skill level 15 in Fighting
  2910 | D        | Reached XP level 12. HP: 37/87 MP: 12/12
  2910 | D        | Found Ocsef's Antique Weapon Shoppe.
  2914 | D        | Reached skill level 5 in Stealth
  2925 | D        | Found Myskyaxi's Armour Emporium.
  3266 | D        | Found Vumynif's Antique Armour Shoppe.
  3269 | D        | Bought a scroll of brand weapon for 114 gold pieces
  3269 | D        | Bought a potion of heal wounds for 60 gold pieces
  3269 | D        | Bought a scroll of enchant armour for 90 gold pieces
  3306 | D        | Bought a heavily runed scale mail for 261 gold pieces
  3306 | D        | Identified the +1 scale mail "Cizeomaj" {Dex+4} (You bought
                  | it in a shop in the Dungeon)
  3307 | D        | Bought a runed scale mail for 203 gold pieces
  3550 | D        | Bought the amulet "Wivutal" {Reflect -Cast rElec Will+
                  | Str+3 SH+5} for 489 gold pieces
  3552 | D        | Bought a scroll of blinking for 112 gold pieces
  3552 | D        | Bought a scroll of brand weapon for 142 gold pieces
  3552 | D        | Bought a scroll of brand weapon for 142 gold pieces
  3552 | D        | Bought a scroll of fear for 60 gold pieces
  3556 | D        | Noticed a rakshasa
  3556 | D        | Noticed a centaur warrior
  3556 | D        | Noticed a centaur warrior
  3556 | D        | Noticed an ogre mage
  3567 | D        | Killed a rakshasa
  3571 | D        | Noticed a fire dragon
  3577 | D        | Killed a centaur warrior
  3578 | D        | Noticed a spriggan air mage
  3581 | D        | Killed a centaur warrior
  3582 | D        | Noticed a stone giant
  3591 | D        | Killed an ogre mage
  3595 | D        | HP: 3/90 [acid (8)]
  4059 | D        | Killed a fire dragon
  4071 | D        | Killed a spriggan air mage
  4082 | D        | Killed a stone giant
  4089 | D        | Reached skill level 15 in Shields
  4089 | D        | Noticed an ettin
  4370 | D        | Killed an ettin
  4371 | D        | Reached XP level 13. HP: 7/96 MP: 13/13
  4687 | D        | Noticed a stone giant
  4700 | D        | Killed a stone giant
  4835 | D        | Noticed a stone giant
  4846 | D        | Killed a stone giant
  5002 | D        | Noticed Rupert
  5029 | D        | Killed Rupert
  5152 | D        | Noticed Saint Roka
  5182 | D        | Killed Saint Roka
  5187 | D        | Reached skill level 10 in Stealth
  5630 | D        | Noticed a bunyip
  5630 | D        | Noticed a bunyip
  5630 | D        | Noticed a bunyip
  5807 | D        | Killed a bunyip
  5824 | D        | Killed a bunyip
  5843 | D        | Killed a bunyip
  5964 | D        | Noticed an emperor scorpion
  5988 | D        | Killed an emperor scorpion
  6234 | D        | Bought a glowing hat for 210 gold pieces
  6250 | D        | Bought a glowing crystal plate armour for 2490 gold pieces
  6251 | D        | Bought a warped plate armour for 840 gold pieces
  6251 | D        | Identified the +2 plate armour of Tichaufa {Fly rC+ Int+3}
                  | (You bought it in a shop in the Dungeon)
  6271 | D        | Noticed a ghost moth
  6315 | D        | Killed a ghost moth
  6316 | D        | Gained mutation: Your large and strong wings let you fly.
                  | [Gargoyle growth]
  6316 | D        | Reached XP level 14. HP: 48/106 MP: 0/14
  7034 | D        | Noticed Nessos
  7037 | D        | Killed Nessos
  7208 | D        | Noticed an emperor scorpion
  7232 | D        | Killed an emperor scorpion
  7233 | D        | Reached skill level 1 in Throwing
  7437 | D        | Noticed Sonja
  7447 | D        | Killed Sonja
  7478 | D        | Noticed Joseph
  7484 | D        | Killed Joseph
  7490 | D        | Noticed a cyan very ugly thing
  7490 | D        | Noticed a fire giant
  7492 | D        | Noticed a golden dragon
  7508 | D        | Killed a cyan very ugly thing
  7519 | D        | Noticed a cyan very ugly thing
  7542 | D        | Noticed a red very ugly thing
  7551 | D        | Killed a fire giant
  7863 | D        | Killed a golden dragon
  8114 | D        | Killed a white very ugly thing
  8124 | D        | Killed a white very ugly thing
  8388 | D        | Noticed a fire giant
  8400 | D        | Killed a fire giant
  8690 | D        | Noticed a frost giant
  8711 | D        | Killed a frost giant
  8902 | D        | Noticed an ironbound preserver
  8902 | D        | Noticed a vault warden
  8902 | D        | Noticed an ironbound preserver
  8918 | D        | Killed a vault warden
  8919 | D        | Reached XP level 15. HP: 106/116 MP: 15/15
  8923 | D        | Noticed a vault warden
  8977 | D        | Noticed a vault warden
  8987 | D        | Killed a vault warden
  8993 | D        | Noticed a sphinx
  9027 | D        | Killed a vault warden
  9027 | D        | Noticed an orc warlord
  9039 | D        | Killed a sphinx
  9210 | D        | Killed an orc warlord
  9997 | D        | Noticed Mennas
 10018 | D        | HP: 5/119 [Mennas/+3 sacred scourge of holy wrath (6)]
 10057 | D        | Killed Mennas
 10399 | D        | Noticed an emperor scorpion
 10399 | D        | Noticed an emperor scorpion
 10405 | D        | Killed an emperor scorpion
 10418 | D        | Killed an emperor scorpion
 10430 | D        | Noticed a ghost moth
 10441 | D        | Killed a ghost moth
 10450 | D        | Noticed a ghost moth
 10452 | D        | Noticed an emperor scorpion
 10453 | D        | Noticed a ghost moth
 10466 | D        | Killed a ghost moth
 10475 | D        | Killed an emperor scorpion
 10482 | D        | Killed a ghost moth
 10497 | D        | Got a gossamer rune of Zot
 10599 | D        | Noticed a nagaraja
 10599 | D        | Noticed a nagaraja
 10599 | D        | Noticed a nagaraja
 10607 | D        | Noticed a nagaraja
 10617 | D        | Killed a nagaraja
 10626 | D        | Killed a nagaraja
 10637 | D        | Killed a nagaraja
 10641 | D        | Killed a nagaraja
 11225 | D        | Got a serpentine rune of Zot
 11334 | D        | Reached XP level 16. HP: 127/127 MP: 16/16
 11368 | D        | Reached skill level 27 in Shields
 11391 | D        | Got a decaying rune of Zot
 11518 | D        | Noticed Ilsuiw
 11539 | D        | Killed Ilsuiw
 11613 | D        | Got a barnacled rune of Zot
 11849 | D        | Noticed Mara
 11853 | D        | Noticed mhtbhm's illusion
 11874 | D        | Noticed mhtbhm's illusion
 11909 | D        | Noticed mhtbhm's illusion
 11921 | D        | Killed Mara
 11922 | D        | Reached skill level 10 in Dodging
 12367 | D        | Reached skill level 27 in Fighting
 12514 | D        | Bought a ring of resist corrosion for 320 gold pieces
 12518 | D        | Bought the +2 cloak of the Thief {*Fog Slay-2 SInv Stlth+}
                  | for 804 gold pieces
 12518 | D        | Found the +2 cloak of the Thief {*Fog Slay-2 SInv Stlth+}
 12518 | D        | Bought an embroidered scarf for 320 gold pieces
 12536 | D        | Bought a scroll of blinking for 82 gold pieces
 12536 | D        | Bought a scroll of enchant weapon for 82 gold pieces
 12536 | D        | Bought a scroll of acquirement for 572 gold pieces
 12536 | D        | Acquired 747 gold pieces
 12542 | D        | Bought a scroll of enchant armour for 97 gold pieces
 12542 | D        | Bought a scroll of fear for 52 gold pieces
 12545 | D        | Bought the +10 morningstar "Eos" {elec, Halo rElec} for 814
                  | gold pieces
 12545 | D        | Found the +10 morningstar "Eos" {elec, Halo rElec}
 12545 | D        | Bought a potion of curing for 33 gold pieces
 12545 | D        | Bought a potion of might for 44 gold pieces
 12595 | D        | Reached skill level 27 in Maces & Flails
 12597 | D        | Reached skill level 5 in Throwing
 12602 | D        | Noticed a shadow dragon
 12603 | D        | Noticed a shadow dragon
 12606 | D        | Reached XP level 17. HP: 109/139 MP: 17/17
 12633 | D        | Reached skill level 15 in Stealth
 12861 | D        | Noticed a golden dragon
 12867 | D        | Identified the +8 morningstar "Geosefih" {vorpal, Str+5
                  | Int-3}
 12883 | D        | Noticed a lich
 12892 | D        | Killed a golden dragon
 12919 | D        | Killed a lich
 12927 | D        | Got a silver rune of Zot
 12950 | D        | Got Sif Muna's Anthology of Exhumation and Frostbite
 13243 | D        | Noticed Kirke
 13247 | D        | Noticed Jory
 13274 | D        | Killed Kirke
 13275 | D        | Reached skill level 1 in Unarmed Combat
 13284 | D        | Killed Jory
 13347 | D        | Noticed Aizul
 13357 | D        | Killed Aizul
 13440 | D        | Noticed Xtahua
 13556 | D        | Killed Xtahua
 13748 | D        | Got the amulet "Wufall" {RegenMP Int+6 Dex-3}
 13753 | D        | Got the ring "Hegafin" {Str+3 Int-2 Dex+6}
 13755 | D        | Got the ring "Xuuff" {MP+9 Int+3}
 13757 | D        | Got the amulet of Uskayaw's Anger {rN+ Regen+}
 13788 | D        | Got the +0 hat "Yzimpul" {Regen+}
 13877 | D        | Noticed Boris
 13899 | D        | Killed Boris
 14111 | D        | Noticed Nikola
 14112 | D        | Noticed Frederick
 14122 | D        | Killed Nikola
 14133 | D        | Killed Frederick
 14150 | D        | Noticed a lich
 14150 | D        | Noticed a caustic shrike
 14154 | D        | Killed a lich
 14163 | D        | Killed a caustic shrike
 14433 | D        | Noticed a golden dragon
 14463 | D        | Reached XP level 18. HP: 145/145 MP: 18/18
 14467 | D        | Killed a golden dragon
 14591 | D        | Noticed a golden dragon
 14594 | D        | Killed a golden dragon
 14604 | D        | Reached skill level 27 in Armour
 14633 | D        | Reached skill level 27 in Stealth
 14640 | D        | Reached skill level 15 in Dodging
 14663 | D        | Noticed a tentacled monstrosity
 14671 | D        | Killed a tentacled monstrosity
 14766 | D        | Noticed a tentacled monstrosity
 14791 | D        | Killed a tentacled monstrosity
 14936 | D        | Noticed an Orb Guardian
 14936 | D        | Noticed an Orb Guardian
 14936 | D        | Noticed an Orb Guardian
 14936 | D        | Noticed an Orb Guardian
 14936 | D        | Noticed an Orb Guardian
 14936 | D        | Noticed an Orb Guardian
 14937 | D        | Noticed an Orb Guardian
 14937 | D        | Killed an Orb Guardian
 14938 | D        | Noticed an Orb Guardian
 14938 | D        | Killed an Orb Guardian
 14939 | D        | Noticed an Orb Guardian
 14939 | D        | Killed an Orb Guardian
 14943 | D        | Killed an Orb Guardian
 14944 | D        | Noticed an Orb Guardian
 14952 | D        | Killed an Orb Guardian
 14963 | D        | Killed an Orb Guardian
 14968 | D        | Killed an Orb Guardian
 14973 | D        | Killed an Orb Guardian
 14975 | D        | Killed an Orb Guardian
 14978 | D        | Killed an Orb Guardian
 14998 | D        | Noticed an Orb Guardian
 14998 | D        | Noticed an Orb Guardian
 14998 | D        | Noticed a tentacled monstrosity
 14999 | D        | Noticed an Orb Guardian
 14999 | D        | Noticed an Orb Guardian
 15011 | D        | Killed a tentacled monstrosity
 15019 | D        | Killed an Orb Guardian
 15030 | D        | Killed an Orb Guardian
 15036 | D        | Killed an Orb Guardian
 15038 | D        | Killed an Orb Guardian
 15165 | D        | Noticed an ancient lich
 15169 | D        | Killed an ancient lich
 15172 | D        | Noticed an orb of fire
 15182 | D        | Gained mutation: Your spells are a little easier to cast,
                  | but a little less powerful. [an orb of fire]
 15196 | D        | Killed an orb of fire
 15197 | D        | Reached XP level 19. HP: 120/151 MP: 19/19
 15226 | D        | Noticed an electric golem
 15238 | D        | Killed an electric golem
 15265 | D        | Noticed an electric golem
 15265 | D        | Noticed an orb of fire
 15265 | D        | Noticed an electric golem
 15265 | D        | Noticed a tentacled monstrosity
 15282 | D        | Killed an electric golem
 15294 | D        | Noticed an orb of fire
 15295 | D        | Gained mutation: You possess an exceptional clarity of
                  | mind. [an orb of fire]
 15306 | D        | Killed from afar by an orb of fire

Illustrated notes

Levels and vault maps discovered:
D:        linesprint [early_d, line_temple, items_1, d_10, items_2, lair_1,
          lair_end, items_3, orc_1, orc_end, items_4, d_15, swamp_1, shoals_1,
          snake_1, spider_1, d_20, vaults_1, items_5, swamp_end, shoals_end,
          snake_end, spider_end, vaults_end, d_27, items_6, zot_1, zot_end,
          crypt_end, forest_end, elf_end, slime_end, tomb_end, abyss_end,
          pan_hell_end]

Skill      XL: |  1  2  3  4  5  6  7  8  9 10 11 12 13 14 15 16 17 18 19 |
---------------+----------------------------------------------------------+-----
Fighting       | 4 5 6 7 8 9 10 12 15 17 19 21 24 27 | 27.0
Armour         | 4 5 7 8 9 10 12 13 14 15 16 18 19 21 26 27 | 27.0
Shields        | 4 5 6 7 8 9 10 11 13 15 19 23 26 27 | 27.0
Maces & Flails | 3 5 7 9 11 12 15 17 18 19 21 23 27 | 27.0
Dodging        | 1 2 3 4 5 6 7 9 11 14 25 | 25.2
Evocations     | 1 2 3 4 |  4.7
Stealth        | 1 2 4 9 10 12 14 25 27 | 27.0
Throwing       | 2 3 5 7 9 |  9.5
Unarmed Combat | 1 |  1.3

Action                   |  1- 3 |  4- 6 |  7- 9 | 10-12 | 13-15 | 16-18 | 19-21 || total
-------------------------+-------+-------+-------+-------+-------+-------+-------++-------
Melee: Flail             |    33 |     7 |       |       |       |       |       ||    40
       Morningstar       |       |    26 |    44 |   463 |   959 |   953 |    21 ||  2466
       Sacred scourge    |       |       |       |       |       |    52 |    15 ||    67
       Unarmed           |       |       |       |       |       |    16 |       ||    16
Throw: Javelin           |       |       |       |       |     6 |     3 |       ||     9
       Dart              |       |       |       |       |     6 |       |       ||     6
Invok: Potion Petition   |       |       |     1 |     1 |     3 |     2 |       ||     7
       Call Merchant     |       |       |       |     3 |     2 |     6 |       ||    11
Evoke: Wand              |       |       |     7 |     3 |       |       |       ||    10
  Use: Potion            |     1 |     2 |     4 |     4 |    13 |     5 |     1 ||    30
       Scroll            |       |       |       |     2 |     5 |     9 |       ||    16
 Stab: Distracted        |       |       |     1 |     6 |    11 |    25 |       ||    43
       Invisible         |       |       |       |     9 |       |       |       ||     9
       Held in net/web   |       |       |       |       |       |     2 |       ||     2
       Sleeping          |       |       |       |       |       |     8 |     2 ||    10
Armor: Scale mail        |    17 |     6 |       |    93 |     3 |       |       ||   119
       Chain mail        |       |    23 |    78 |   105 |    80 |       |       ||   286
       Plate armour      |       |       |       |       |   218 |   168 |    17 ||   403
Dodge: Dodged            |    15 |    13 |    26 |   129 |   146 |   116 |    11 ||   456
Block: Buckler           |     4 |    11 |    16 |    82 |       |       |       ||   113
       Tower shield      |       |       |       |    70 |   852 |   612 |    37 ||  1571
       Reflection        |       |       |       |       |    26 |     2 |       ||    28

Table legend: (Time is in decaauts) A = Elapsed time spent in this place. B = Non-inter-level travel time spent in this place. C = Inter-level travel time spent in this place. D = Time resting spent in this place. E = Time spent auto-exploring this place. F = Levels seen in this place. G = Mean time per level. A B C D E F G +--------+--------+--------+--------+--------+-----+--------+ Total | 14657 | 14657 | 0 | 3908 | 5703 | 1 | 14657.0 | Dungeon | 14657 | 14657 | 0 | 3908 | 5703 | 1 | 14657.0 | +--------+--------+--------+--------+--------+-----+--------+

Top non-repeatable levels by time:
       D: 14657 daAuts
